 Dungeon Crawl Stone Soup version 0.21.1-1-g345015f (webtiles) character file.

4419 polve the Cruncher (level 10, -13/99 HPs)
             Began as a Minotaur Gladiator on Feb 26, 2018.
             Was an Elder of Okawaru.
             Mangled by a two-headed ogre
             ... wielding a +0 giant club
              (27 damage)
             ... on level 8 of the Dungeon.
             The game lasted 00:11:45 (5432 turns).

polve the Cruncher (Minotaur Gladiator)             Turns: 5432, Time: 00:11:46

Health: -13/99     AC:  9    Str: 20    XL:     10   Next: 14%
Magic:  7/9        EV: 18    Int:  5    God:    Okawaru [****..]
Gold:   400        SH:  0    Dex: 14    Spells: 9/9 levels left

rFire    . . .     SeeInvis .   a - +0 quarterstaff
rCold    . . .     Gourm    .   (shield currently unavailable)
rNeg     . . .     Faith    .   y - +0 scale mail
rPois    .         Spirit   .   c - +0 hat
rElec    .         Reflect  .   x - +0 cloak (curse)
rCorr    .         Harm     .   (no gloves)
MR       .....                  n - +0 pair of boots
Stlth    ++........             j - amulet of regeneration
HPRegen  0.66/turn              g - +4 ring of evasion
MPRegen  0.11/turn              (no ring)

@: heroism
A: retaliatory headbutt, horns 2
a: Heroism, Renounce Religion


You were on level 8 of the Dungeon.
You worshipped Okawaru.
Okawaru was greatly pleased with you.
You were not hungry.

You visited 2 branches of the dungeon, and saw 9 of its levels.

You collected 400 gold pieces.

Inventory:

Hand Weapons
 a - a +0 quarterstaff (weapon)
Missiles
 d - 3 throwing nets (quivered)
Armour
 c - a +0 hat (worn)
 n - a +0 pair of boots (worn)
 x - a cursed +0 cloak (worn)
 y - a +0 scale mail (worn)
 A - a +1 cloak
Jewellery
 g - a +4 ring of evasion (left hand)
 j - an amulet of regeneration (around neck)
 w - an uncursed amulet of rage {unknown}
 G - an uncursed amulet of guardian spirit {unknown}
Wands
 K - a wand of flame (45)
 L - a wand of iceblast (8)
 M - a wand of enslavement (4)
 N - a wand of polymorph (14)
Scrolls
 h - a scroll of blinking
 i - 7 scrolls of teleportation
 k - 2 scrolls of magic mapping {unknown}
 l - 2 scrolls of identify {unknown}
 o - 2 scrolls of random uselessness {unknown}
 r - a scroll of fear {unknown}
 t - 2 scrolls of enchant armour {unknown}
 v - 2 scrolls of amnesia {unknown}
 z - 2 scrolls of enchant weapon {unknown}
 F - a scroll of remove curse {unknown}
 H - 2 scrolls of fog {unknown}
 J - a scroll of noise {unknown}
Potions
 b - a potion of berserk rage {unknown}
 e - a potion of degeneration {unknown}
 m - a potion of ambrosia {unknown}
 p - 6 potions of curing
 q - 2 potions of cancellation {unknown}
 s - a potion of mutation {unknown}
 u - 2 potions of heal wounds {unknown}
 C - a potion of flight {unknown}
 D - a potion of resistance {unknown}
 E - a potion of lignification {unknown}
 I - a potion of might {unknown}
Comestibles
 f - 16 rations


   Skills:
 + Level 12.4(17.4) Fighting
 + Level 12.6(17.6) Staves
 - Level 2.0(7.0) Throwing
 - Level 3.2(8.2) Dodging


You had 9 spell levels left.
You didn't know any spells.

Dungeon Overview and Level Annotations

Branches:
Dungeon (8/15)             Temple (1/1) D:4
   Lair: D:8-11

Altars:
Ashenzari
Cheibriados
Dithmenos
Elyvilon
Fedhas
Gozag
Hepliaklqana
Kikubaaqudgha
Makhleb
Nemelex Xobeh
Okawaru
Qazlal
Ru
Sif Muna
Trog
Uskayaw
Wu Jian
Xom
Yredelemnul
Zin
The Shining One


Innate Abilities, Weirdness & Mutations

You reflexively headbutt those who attack you in melee.
You have a pair of horns on your head.


Message History

The two-headed ogre is lightly wounded.
The orc warrior hits you from afar with a glaive of protection!!
* * * LOW HITPOINT WARNING * * *
You thump the two-headed ogre! You headbutt the two-headed ogre.
The two-headed ogre is moderately wounded.
The two-headed ogre completely misses you.
The two-headed ogre misses you.
You hit the two-headed ogre but do no damage.
The two-headed ogre is moderately wounded.
The orc warrior misses you.
You barely miss the two-headed ogre.
The two-headed ogre is moderately wounded.
The two-headed ogre hits you with a giant club.
* * * LOW HITPOINT WARNING * * *
The two-headed ogre hits you with a giant spiked club!!
* * * LOW HITPOINT WARNING * * *
Okay, then.
It was a potion of curing.
You feel better.
The two-headed ogre hits you with a giant club!!
You die...

..###......# #..## ..
.#.#.#####.# .... ...
###.## # #..# .... #.#
#.##.##..#..... #.#
#.............. ##.##
#a# #...# #o# #...####
#O# #...##.## #@#
##...#...#######.#
..........##...#.####..
.......................$
..........##...#.####...
.#.......#######.#
.#....#.## #.# #....###
..# #....# .##


You could see a two-headed ogre, an orc warrior and a worker ant.

Vanquished Creatures
  A two-headed ogre (D:8)
  Pikel (D:6)
  Prince Ribbit (D:7)
  Sigmund (D:6)
  Grum (D:8)
  The ghost of shakethe the Chopper, an amateur DsGl (D:3)
  2 ice beasts
  3 sky beasts
  3 slaves (D:6)
  3 phantoms
  A necrophage (D:5)
  3 ogres
  4 wolves (D:8)
  3 bullfrogs (D:6)
  A scorpion (D:5)
  A howler monkey (D:6)
  A crimson imp (D:5)
  6 hounds
  3 jellies
  7 orc wizards
  3 bullfrog skeletons
  3 worker ants
  2 killer bee zombies (D:5)
  A hound zombie (D:7)
  2 worker ant zombies (D:5)
  3 gnolls (D:7)
  11 adders
  2 shadow imps
  An ooze (D:2)
  2 adder zombies (D:5)
  4 worms
  2 dart slugs
  6 leopard geckos
  24 orcs
  8 giant cockroaches
  7 goblins
  9 hobgoblins
  10 jackals
  5 quokkas
  2 ball pythons
  4 bats
  4 frilled lizards
  A jackal skeleton (D:6)
  A jackal zombie (D:5)
  8 kobolds
  A quokka skeleton (D:6)
  A quokka zombie (D:6)
  5 rats
179 creatures vanquished.

Notes
Turn   | Place    | Note
-------+----------+-------------------------------------------
     0 | D:1      | polve the Minotaur Gladiator began the quest for the Orb.
     0 | D:1      | Reached XP level 1. HP: 18/18 MP: 0/0
   265 | D:1      | Reached XP level 2. HP: 24/26 MP: 1/1
  1130 | D:2      | Reached XP level 3. HP: 31/31 MP: 2/2
  1534 | D:2      | Reached XP level 4. HP: 40/40 MP: 3/3
  1573 | D:3      | Reached skill level 5 in Staves
  2084 | D:3      | Noticed shakethe's ghost (amateur DsGl)
  2092 | D:3      | Killed shakethe's ghost
  2092 | D:3      | Reached skill level 5 in Fighting
  2092 | D:3      | Reached XP level 5. HP: 36/48 MP: 4/4
  2397 | D:4      | Reached XP level 6. HP: 57/57 MP: 5/5
  2485 | D:4      | Found a staircase to the Ecumenical Temple.
  2502 | Temple   | Entered the Ecumenical Temple
  2666 | D:4      | Found an iron altar of Okawaru.
  2668 | D:4      | Found a shadowy altar of Dithmenos.
  2668 | D:4      | Found a snail-covered altar of Cheibriados.
  2680 | D:4      | Became a worshipper of Warmaster Okawaru
  2906 | D:4      | Reached XP level 7. HP: 50/64 MP: 6/6
  3104 | D:4      | Reached * piety under Okawaru
  3285 | D:5      | Entered Level 5 of the Dungeon
  3420 | D:5      | Found a basalt altar of Yredelemnul.
  3442 | D:5      | Reached XP level 8. HP: 64/74 MP: 7/7
  3551 | D:5      | Reached ** piety under Okawaru
  3862 | D:6      | Noticed Sigmund
  3879 | D:6      | Killed Sigmund
  3915 | D:6      | Reached skill level 10 in Staves
  3963 | D:6      | Reached skill level 10 in Fighting
  4091 | D:6      | Reached XP level 9. HP: 71/85 MP: 8/8
  4172 | D:6      | Noticed Pikel
  4196 | D:6      | Killed Pikel
  4196 | D:6      | Reached *** piety under Okawaru
  4684 | D:7      | Found a hazy altar of Hepliaklqana.
  4729 | D:7      | Noticed Prince Ribbit
  4757 | D:7      | Killed Prince Ribbit
  5108 | D:8      | Noticed a two-headed ogre
  5121 | D:8      | Killed a two-headed ogre
  5121 | D:8      | Reached **** piety under Okawaru
  5127 | D:8      | Reached XP level 10. HP: 58/97 MP: 6/9
  5186 | D:8      | Noticed Grum
  5192 | D:8      | Killed Grum
  5417 | D:8      | Noticed a two-headed ogre
  5432 | D:8      | Mangled by a two-headed ogre

Skill      XL: |  1  2  3  4  5  6  7  8  9 |
---------------+----------------------------+-----
Fighting       | 3 4 5 6 8 10 12 | 12.4
Staves         | 4 6 7 8 10 12 | 12.6
Throwing       | |  2.0
Dodging        | |  3.2

Action                   |  1- 3 |  4- 6 |  7- 9 | 10-12 || total
-------------------------+-------+-------+-------+-------++-------
Melee: Quarterstaff      |    61 |   103 |   316 |    32 ||   512
       Headbutt          |    12 |    14 |    72 |     6 ||   104
Invok: Heroism           |       |       |     1 |     1 ||     2
  Use: Scroll            |       |       |     2 |       ||     2
       Potion            |       |       |       |     1 ||     1
 Stab: Sleeping          |     1 |       |       |       ||     1
  Eat: Chunk             |     2 |     4 |     8 |     1 ||    15
Armor: Leather armour    |    12 |     6 |       |       ||    18
       Scale mail        |       |    21 |    64 |     7 ||    92
Dodge: Dodged            |    35 |    83 |   245 |    14 ||   377
